 Dungeon Crawl Stone Soup version 0.27-a0-926-g0e6d9124c6 (webtiles) character file.

Game seed: 9181872672793722688

74 Bapho the Slasher (level 4, -2/38 HPs)
             Began as a Draconian Monk on Apr 10, 2021.
             Slain by Terence
             ... wielding a +0 mace
              (7 damage)
             ... on level 1 of the Dungeon.
             The game lasted 00:04:16 (2389 turns).

Bapho the Slasher (Draconian Monk)                  Turns: 2389, Time: 00:04:17

Health: -2/38      AC:  5    Str: 14    XL:     4   Next: 10%
Magic:  4/4        EV: 12    Int: 11    God:
Gold:   81         SH:  0    Dex: 13    Spells: 3/3 levels left

rFire    . . .     SeeInvis .   a - +0 falchion
rCold    . . .     Faith    .   (no shield)
rNeg     . . .     Spirit   .   (armour unavailable)
rPois    +         Reflect  .   (helmet restricted)
rElec    .         Harm     .   (no cloak)
rCorr    .         Rampage  .   (no gloves)
Will     .....                  (no boots)
Stlth    ++........             (no amulet)
HPRegen  0.12/turn              h - ring of poison resistance
MPRegen  0.09/turn              (no ring)

@: no status effects
A: AC +5, unfitting armour, cold-blooded
a: no special abilities


You were on level 1 of the Dungeon.
You visited 1 branch of the dungeon, and saw 2 of its levels.

You collected 81 gold pieces.

Inventory:

Hand Weapons
 a - a +0 falchion (weapon)
Missiles
 d - 81 stones (quivered)
 e - 16 poisoned darts
 f - 7 atropa-tipped darts
Armour
 b - a +0 kite shield
Jewellery
 h - a ring of poison resistance (left hand)
Potions
 c - a potion of attraction {unknown}
 g - a potion of degeneration {unknown}
 i - a potion of lignification {unknown}


   Skills:
 - Level 3.2 Fighting
 + Level 5.0 Long Blades
 - Level 2.6 Dodging
 - Level 1.7 Stealth


You had 3 spell levels left.
You didn't know any spells.
Your spell library was empty.

Dungeon Overview and Level Annotations

Branches:
Dungeon (2/15)

Altars:

Annotations:
D:1 Terence


Innate Abilities, Weirdness & Mutations

Your plain brown scales are hard. (AC +5)
You cannot fit into any form of body armour.
You are cold-blooded and may be slowed by cold attacks.


Message History

You climb downwards.
Level annotation: Terence Terence barely misses you.
Terence hits you with a +0 mace!
There is a stone staircase leading up, spattered with blood here.
The goblin hits you with a +0 club. Terence hits you with a +0 mace.
You climb upwards.
There is a stone staircase leading down here.
You closely miss the goblin. The goblin misses you.
Terence hits you with a +0 mace. The goblin hits you with a +0 club.
You closely miss the goblin. Terence hits you with a +0 mace.
The goblin hits you but does no damage.
You hit the goblin.
You kill the goblin!
Terence misses you.
Items here: ))) [[ ÷÷ †.
Okay, then.
You hit Terence.
Terence is moderately wounded.
Terence closely misses you.
You hit Terence but do no damage. You tail-slap Terence.
Terence is heavily wounded.
Terence barely misses you.
You riposte.
You hit Terence.
Terence is severely wounded.
You completely miss Terence.
Terence is severely wounded.
Terence hits you with a +0 mace.
You hit Terence but do no damage.
Terence is severely wounded.
Terence hits you with a +0 mace!
* * * LOW HITPOINT WARNING * * *
You barely miss Terence.
Your tail-slap misses Terence.
Terence is severely wounded.
Terence hits you with a +0 mace.
* * * LOW HITPOINT WARNING * * *
You see here a +0 dagger.
Terence hits you with a +0 mace.
* * * LOW HITPOINT WARNING * * *
Terence says, "You're history."
Terence hits you with a +0 mace!
You die...

#########.# #.# ###.##
..........# ####.# #.....
.########## #....#######.#.#. .#
##########..............#. .#
##.......##(####.#####..... .#
#...).......####.# ###..... )#
#.##.##..........###.'+++'+ >#
#.#.(.#.##@.####.....+....+ )#
#.##.##.##@.# #####.+....+
.######.#...#.##..########.+..<.'
........#####.#............'....+
#######.........[......#.#.++++++
#.##.#..#........#.###.....
#...........###..#.#......#
####.#..#.#...#..#.#.....##
#.#........#..#.#..#####
#.##.#.#......#.#..# #


You could see Terence.

Vanquished Creatures
  Robin (D:1)
  A worm (D:2)
  7 ball pythons (D:1)
  4 endoplasms
  A giant cockroach (D:1)
  15 goblins
  8 hobgoblins
  A jackal (D:2)
  A quokka (D:1)
  5 bats
  2 frilled lizards (D:1)
  A kobold (D:1)
  8 rats
55 creatures vanquished.

Notes
Turn   | Place    | Note
-------+----------+-------------------------------------------
     0 | D:1      | Bapho the Draconian Monk began the quest for the Orb.
     0 | D:1      | Reached XP level 1. HP: 19/19 MP: 1/1
    87 | D:1      | Reached XP level 2. HP: 23/26 MP: 2/2
   260 | D:1      | Found a faded altar of an unknown god.
   528 | D:1      | Reached skill level 4 in Long Blades
   860 | D:1      | Reached XP level 3. HP: 31/31 MP: 3/3
  1648 | D:2      | Noticed Robin
  1653 | D:2      | Noticed Terence
  2111 | D:1      | Killed Robin
  2112 | D:1      | Reached skill level 5 in Long Blades
  2112 | D:1      | Reached XP level 4. HP: 20/38 MP: 4/4
  2389 | D:1      | Slain by Terence

Illustrated notes

Levels and vault maps discovered:
D:1:      lightli_arrival_maybe_door_vault, layout_loops_ring,
          shapermc_ecumenical_altar_mp_ritualfount, minmay_split_cup_small
D:2:      layout_basic, st_stairs_1, uniq_terence, uniq_robin

Skill      XL: |  1  2  3 |
---------------+----------+-----
Long Blades    | 4 5 |  5.0
Fighting       | |  3.2
Dodging        | |  2.6
Stealth        | |  1.7

Action                   |  1- 3 |  4- 6 || total
-------------------------+-------+-------++-------
Melee: Falchion          |   137 |     8 ||   145
       Tailslap          |    16 |     1 ||    17
Throw: Stone             |    97 |       ||    97
  Use: Scroll            |     2 |       ||     2
 Stab: Sleeping          |     2 |       ||     2
Armor: Skin              |    36 |     1 ||    37
Dodge: Dodged            |    86 |     5 ||    91
       Rpst.: Falchion   |    30 |     1 ||    31

Table legend: (Time is in decaauts)
 A = Elapsed time spent in this place.
 B = Non-inter-level travel time spent in this place.
 C = Inter-level travel time spent in this place.
 D = Time resting spent in this place.
 E = Time spent auto-exploring this place.
 F = Levels seen in this place.
 G = Mean time per level.
                   A        B        C        D        E       F      G
               +--------+--------+--------+--------+--------+-----+--------+
         Total |   2417 |   2319 |     98 |    603 |   1260 |   2 | 1208.5 |
       Dungeon |   2417 |   2319 |     98 |    603 |   1260 |   2 | 1208.5 |
               +--------+--------+--------+--------+--------+-----+--------+

Top non-repeatable levels by time:
     D:1: 1910 daAuts
     D:2: 507 daAuts
